 Dungeon Crawl Stone Soup version 0.22-a0-252-gcace5d2d35 (webtiles) character file.

21 Manul the Sneak (level 2, -1/15 HPs)
             Began as a Vine Stalker Assassin on Mar 1, 2018.
             Slain by a worm (5 damage)
             ... on level 2 of the Dungeon.
             The game lasted 00:00:45 (674 turns).

Manul the Sneak (Vine Stalker Assassin)              Turns: 674, Time: 00:00:46

Health: -1/15      AC:  6    Str: 13    XL:     2   Next: 87%
Magic:  0/3        EV: 10    Int: 11    God:
Gold:   37         SH:  0    Dex: 15    Spells: 1/1 levels left

rFire    . . .     SeeInvis .   a - +2 dagger
rCold    . . .     Gourm    .   (no shield)
rNeg     . . .     Faith    .   n - +0 ring mail
rPois    .         Spirit   +   (no helmet)
rElec    .         Reflect  .   d - +0 cloak
rCorr    .         Harm     .   (no gloves)
MR       +....                  (no boots)
Stlth    ++........             (no amulet)
HPRegen  0.05/turn              j - ring of protection from magic
MPRegen  0.08/turn              (no ring)

@: no status effects
A: fangs 2, magic shield, antimagic bite, no potion heal 3, rot immunity
a: no special abilities


You were on level 2 of the Dungeon.
You were not hungry.

You visited 1 branch of the dungeon, and saw 2 of its levels.

You collected 37 gold pieces.

Inventory:

Hand Weapons
 a - a +2 dagger (weapon)
 b - a +0 blowgun
 q - a +1 antimagic dagger
Missiles
 e - 8 poisoned needles
 f - 2 curare-tipped needles
Armour
 c - a +0 robe
 d - a +0 cloak (worn)
 n - a +0 ring mail (worn)
Jewellery
 j - a ring of protection from magic (left hand)
Scrolls
 o - a scroll of enchant weapon {unknown}
 p - a scroll of remove curse {unknown}
Potions
 i - a potion of curing {unknown}
 k - a potion of magic {unknown}
 l - a potion of haste {unknown}
 m - a potion of might {unknown}
Comestibles
 g - a ration


   Skills:
 + Level 1.8 Fighting
 + Level 2.1 Short Blades
 + Level 1.7 Throwing
 + Level 1.0 Dodging
 + Level 5.5 Stealth


You had one spell level left.
You didn't know any spells.

Dungeon Overview and Level Annotations

Branches:
Dungeon (2/15)

Altars:


Innate Abilities, Weirdness & Mutations

You have extremely sharp teeth.
When hurt, damage is shared between your health and your magic reserves.
Your bite disrupts and absorbs the magic of your enemies.
Potions cannot restore your health.
You are immune to rotting.


Message History

The worm bites you!
Ouch! That really hurt!
* * * LOW HITPOINT WARNING * * *
You are too injured to fight recklessly!
You are too injured to fight recklessly!
You are too injured to fight recklessly!
You are too injured to fight recklessly!
You are too injured to fight recklessly!
You are too injured to fight recklessly!
You are too injured to fight recklessly!
You are too injured to fight recklessly!
You are too injured to fight recklessly!
You are too injured to fight recklessly!
You are too injured to fight recklessly!
You are too injured to fight recklessly!
You are too injured to fight recklessly!
You hit the worm.
The worm is almost dead.
The worm bites you.
You die...

# =# ..+
####...#.
#w..[.... #@#
#######.######.
...............
#######.#######
#..).#######
#....?......
#....#######
#....# +....#


You could see a worm.

Vanquished Creatures
  A leopard gecko (D:1)
  4 bats (D:1)
  A giant cockroach (D:1)
  A goblin (D:1)
  5 hobgoblins (D:1)
  2 jackals (D:1)
  2 frilled lizards (D:1)
  2 rats (D:1)
18 creatures vanquished.

Notes
Turn   | Place    | Note
-------+----------+-------------------------------------------
     0 | D:1      | Manul the Vine Stalker Assassin began the quest for the Orb.
     0 | D:1      | Reached XP level 1. HP: 11/11 MP: 2/2
    22 | D:1      | Reached skill level 5 in Stealth
   235 | D:1      | Reached XP level 2. HP: 15/15 MP: 3/3
   448 | D:1      | Reached skill level 1 in Dodging
   674 | D:2      | Slain by a worm

Vault maps used:
D:1:      dpeg_arrival_windows_large_door, hex_tiny

Skill      XL: |  1  2 |
---------------+-------+-----
Stealth        | 5 |  5.5
Short Blades   | 2 |  2.1
Dodging        | 1 |  1.0
Fighting       | |  1.8
Throwing       | |  1.7

Action                   || total
-------------------------++-------
Melee: Dagger            ||    57
       Bite              ||     8
 Stab: Sleeping          ||     2
Armor: Robe              ||    15
       Ring mail         ||     4
Dodge: Dodged            ||    42

Table legend:
 A = Spawn XP
 B = Non-spawn XP
 C = Spawn XP percentage of total XP
 D = Spawn monster count
 E = Non-spawn monster count
 F = Spawn count percentage of total count
 G = Total turns spent on level
                    A         B        C        D         E        F      G
               +---------+---------+-------+---------+---------+-------+---------
         Total |       0 |      31 |   0.0 |       0 |      18 |   0.0 |   674
               +---------+---------+-------+---------+---------+-------+---------
           D:1 |       0 |      31 |   0.0 |       0 |      18 |   0.0 |   634
               +---------+---------+-------+---------+---------+-------+---------
